[Event "RUS Cup Final Men 2018"]
[Site "Khanty-Mansiysk"]
[Date "2018.12.06"]
[Round "1.4"]
[White "Pridorozhni, Aleksei"]
[Black "Sarana, Alexey"]
[Result "*"]
[ECO "B90"]
[WhiteElo "2567"]
[BlackElo "2618"]
[Annotator "RC"]
[PlyCount "40"]
[EventDate "2018.12.05"]
[EventType "k.o."]
[EventCountry "RUS"]
[SourceTitle "playchess.com"]
[Source "ChessBase"]
[SourceQuality "1"]
[TimeControl "900+10"]

1. e4 c5 2. Nf3 d6 3. d4 cxd4 4. Nxd4 Nf6 5. Nc3 a6 6. Nb3 Nbd7 7. g4 b5 8. g5 b4 9. Nd5 Nxd5 10. exd5 g6 11. Qd4 Ne5 12. Qxb4 Bg7 13. Be2 a5 14. Qa4+ Bd7 15. Bb5 O-O 16. Be3 Bg4 17. f4 Nd7 18. Rg1 Bf5 19. O-O-O Nb6 20. Bxb6 Qxb6 *